 Dungeon Crawl Stone Soup version 0.28.0-45-g0d030f2227 (webtiles) character file.

Game seed: 1089897174602081857

450 psko the Magician (level 6, 0/29 HPs)
             Began as a Spriggan Conjurer on Apr 10, 2022.
             Was an Initiate of Vehumet.
             Slain by an orc priest
             ... wielding a +0 hand axe
              (1 damage)
             ... on level 4 of the Dungeon.
             The game lasted 00:41:32 (5570 turns).

psko the Magician (Spriggan Conjurer)               Turns: 5570, Time: 00:41:33

Health: 0/29       AC:  3    Str:  5    XL:     6   Next: 74%
Magic:  12/14      EV: 18    Int: 20    God:    Vehumet [......]
Gold:   271        SH:  0    Dex: 13    Spells: 14/15 levels left

rFire   + . .      SeeInvis +   c - staff of fire
rCold   + . .      Faith    .   (shield currently unavailable)
rNeg    . . .      Spirit   .   s - +0 robe {rC+}
rPois   .          Reflect  .   (helmet restricted)
rElec   .          Harm     .   w - +0 cloak
rCorr   .          Rampage  .   (gloves unavailable)
Will    +....                   (boots unavailable)
Stlth   +++.......              (no amulet)
HPRegen 0.09/turn               (no ring)
MPRegen 0.14/turn               (no ring)

@: very quick
A: very small, no large weapons, unfitting armour, see invisible, speed 3
a: Renounce Religion


You were on level 4 of the Dungeon.
You worshipped Vehumet.
Vehumet was noncommittal.
You visited 1 branch of the dungeon, and saw 4 of its levels.

You collected 271 gold pieces.

Inventory:

Hand Weapons
 b - a +0 dagger
 e - a +0 mace
 l - a +0 scythe
 o - the +5 flail of the Chopping Genius {flame, rElec rN+ Str+5 Stlth+}
   (You found it on level 3 of the Dungeon)

   It burns those it strikes, dealing additional fire damage.
   Str:       It affects your strength (+5).
   rElec:     It insulates you from electricity.
   rN:        It protects you from negative energy.
   Stlth:     It makes you more stealthy.
 q - a +0 short sword
 r - a +1 mace of draining
Missiles
 t - 4 atropa-tipped darts
 u - 4 poisoned darts
Armour
 a - a +0 robe
 m - a +0 robe
 s - a +0 robe of cold resistance (worn)
 w - a +0 cloak (worn)
Magical Staves
 c - a staff of fire (weapon)
Wands
 v - a wand of iceblast (8)
Scrolls
 d - a scroll of enchant armour
 f - 2 scrolls of teleportation
 k - a scroll of blinking {unknown}
 n - a scroll of enchant weapon {unknown}
 p - a scroll of noise {unknown}
 x - a scroll of fear {unknown}
Potions
 g - 2 potions of curing
 h - a potion of ambrosia
 i - a potion of lignification
 j - a potion of mutation {unknown}


   Skills:
 + Level 0.5 Fighting
 + Level 0.6 Short Blades
 + Level 0.8 Maces & Flails
 + Level 4.1 Dodging
 + Level 4.2 Stealth
 + Level 5.1 Spellcasting
 + Level 4.6 Conjurations


You had 14 spell levels left.
You knew the following spells:

 Your Spells              Type           Power      Damage    Failure   Level
a - Magic Dart            Conj           92%        1d7       1%          1

Your spell library contained the following spells:

 Spells                   Type           Power      Damage    Failure   Level
 Searing Ray              Conj           46%        2d6       2%          2
 Dazzling Flash           Conj/Hex       28%        N/A       13%         3
 Fulminant Prism          Conj/Hex       7%         3d7       41%         4
 Iskenderun's Mystic Bla  Conj/Tloc      14%        2d5       41%         4


Dungeon Overview and Level Annotations

Branches:
Dungeon (4/15)
 Temple: D:4-7

Altars:
Elyvilon
Vehumet
Yredelemnul

Shops:
D:3 (!


Innate Abilities, Weirdness & Mutations

You are very small and have problems with some larger weapons.
You are too small for most types of armour.
You have supernaturally acute eyesight. (SInv)
You cover ground extremely quickly. (Speed+++)


Message History

Casting: Magic Dart (safe; 1% risk of failure)
Confirm with . or Enter, or press ? or * to list all spells.
Aiming: Magic Dart (safe; 1% risk of failure)
Press: ? - help, Shift-Dir - straight line, f/p - orc priest
Aim: an orc priest, wielding a +0 hand axe and wearing a +0 scale mail (moderately wounded, 100% to hit)
The magic dart hits the orc priest.
The orc priest is moderately wounded.
The orc priest mumbles some strange prayers to Beogh against you.
Pain shoots through your body!
You completely miss the orc priest.
The orc priest is moderately wounded.
The orc priest misses you.
You hit the orc priest.
The orc priest is moderately wounded.
The orc priest completely misses you.
You hit the orc priest but do no damage.
The orc priest is moderately wounded.
The orc priest hits you with a +0 hand axe.
You hit the orc priest but do no damage.
The orc priest is moderately wounded.
The orc priest completely misses you.
You hit the orc priest but do no damage.
The orc priest is moderately wounded.
The orc priest begins to cast a cantrip, but forgets the words!
The orc priest hits you with a +0 hand axe.
* * * LOW HITPOINT WARNING * * *
You barely miss the orc priest.
The orc priest is moderately wounded.
The orc priest completely misses you.
You hit the orc priest but do no damage.
The orc priest is moderately wounded.
The orc priest hits you with a +0 hand axe.
* * * LOW HITPOINT WARNING * * *
You hit the orc priest but do no damage.
The orc priest is moderately wounded.
The orc priest looks satisfied for a moment.
You closely miss the orc priest.
The orc priest is moderately wounded.
The orc priest hits you with a +0 hand axe.
You die...

##... #### .#.. ##..###
.+ ..... .# #... #+# ##
### #..# #.# .#
....##..##########.###
.#
.......).#...........#
.+
##..##.o.#...........#
.#
##..##.@.#...........#
.#
.........#..##..##'#####
.#
....##..##..######..#...
##....# ...
#..##..##......#...
.#....##+##
#..............'...
.#....#..##
#......##..#####...
.#....#...# #......#####
#..... .#....#.>.#
#.......# #.....
.#....#...+ #.......#
#<....


You could see an orc priest.

Vanquished Creatures
  Sigmund (D:2)
  A hound (D:4)
  3 orc priests (D:3)
  Jessica (D:2)
  An orc wizard (D:3)
  A hound skeleton (D:4)
  4 adders
  An adder skeleton (D:4)
  12 orcs
  6 endoplasms
  3 goblins
  5 hobgoblins
  8 jackals
  A quokka (D:3)
  7 ball pythons
  6 bats
  7 frilled lizards
  A kobold (D:2)
  3 rats
72 creatures vanquished.

Vanquished Creatures (others)
  29 plants (D:1)
29 creatures vanquished.

Grand Total: 101 creatures vanquished

Notes
Turn   | Place    | Note
-------+----------+-------------------------------------------
     0 | D:1      | psko the Spriggan Conjurer began the quest for the Orb.
     0 | D:1      | Reached XP level 1. HP: 9/9 MP: 5/5
   227 | D:1      | Found a faded altar of an unknown god.
   300 | D:1      | Reached XP level 2. HP: 5/13 MP: 2/6
  1154 | D:1      | Prayed at the altar of an unknown god.
  1154 | D:1      | Became a worshipper of Elyvilon the Healer
  1154 | D:1      | Reached * piety under Elyvilon
  1602 | D:2      | Reached skill level 3 in Spellcasting
  1602 | D:2      | Reached XP level 3. HP: 11/16 MP: 0/8
  1943 | D:2      | Noticed Sigmund
  2562 | D:2      | Reached ** piety under Elyvilon
  2615 | D:2      | Found a basalt altar of Yredelemnul.
  2821 | D:2      | Noticed Jessica
  2827 | D:2      | Killed Jessica
  2828 | D:2      | Reached XP level 4. HP: 21/21 MP: 5/9
  3806 | D:2      | Killed Sigmund
  3807 | D:2      | Reached skill level 4 in Spellcasting
  3807 | D:2      | Reached XP level 5. HP: 18/25 MP: 1/12
  4016 | D:3      | Reached XP level 6. HP: 20/29 MP: 5/13
  4133 | D:3      | Identified the +5 flail of the Chopping Genius {flame,
                  | rElec rN+ Str+5 Stlth+}
  4166 | D:3      | Found a radiant altar of Vehumet.
  4225 | D:3      | Fell from the grace of Elyvilon
  4225 | D:3      | Became a worshipper of Vehumet
  4353 | D:3      | Found Wile Dio's Weapon Shop.
  4367 | D:3      | Found Ongiufio's Distillery.
  4562 | D:3      | Reached skill level 5 in Spellcasting
  5568 | D:4      | HP: 1/29 [orc priest/+0 hand axe (4)]
  5570 | D:4      | Slain by an orc priest

Illustrated notes

Levels and vault maps discovered:
D:1:      sevenhm_arrival_forest_fort_small_6, layout_basic,
          shapermc_ecumenical_altar_starsandcircs, serial_bayou_lake_a
D:2:      layout_basic, basic_altar, corexii_hall_statues_s, uniq_sigmund,
          uniq_jessica
D:3:      layout_rooms, amcnicky_altar_gilded, serial_shops, shop, shop_statue,
          grunt_decor_fettered
D:4:      layout_gridville, minmay_temple_entry_glassed_door

Skill      XL: |  1  2  3  4  5  6 |
---------------+-------------------+-----
Conjurations   | 3 4 |  4.6
Spellcasting   | 3 4 5 |  5.1
Dodging        | 3 4 |  4.1
Stealth        | 4 |  4.2
Fighting       | |  0.5
Short Blades   | |  0.6
Maces & Flails | |  0.8

Action                   |  1- 3 |  4- 6 || total
-------------------------+-------+-------++-------
Melee: Dagger            |     9 |       ||     9
       Unarmed           |     1 |       ||     1
       Mace              |    76 |     1 ||    77
       Punch             |     1 |       ||     1
       Flail             |       |    21 ||    21
       Staff             |       |    12 ||    12
 Cast: Magic Dart        |    85 |    87 ||   172
  Use: Scroll            |     3 |     2 ||     5
Armor: Robe              |     6 |     2 ||     8
Dodge: Dodged            |    39 |    27 ||    66
